 Dungeon Crawl Stone Soup version 0.22-a0-479-gc6e99f3 (webtiles) character file.

198287 Mamutox the Unseen (level 17, 0/97 HPs)
             Began as a Spriggan Enchanter on June 13, 2018.
             Was the Champion of Dithmenos.
             Splashed by an acid blob's acid (6 damage)
             ... on level 2 of the Pits of Slime on June 14, 2018.
             The game lasted 04:50:37 (46592 turns).

Mamutox the Unseen (Spriggan Enchanter)            Turns: 46592, Time: 04:50:38

Health: 0/97       AC:  4    Str:  3 (4)  XL:     17   Next: 80%
Magic:  34/34      EV: 23    Int: 22      God:    Dithmenos [******]
Gold:   2250       SH:  0    Dex: 18 (19) Spells: 14/41 levels left

rFire    x . .     SeeInvis +   (weapon currently unavailable)
rCold    + + +     Gourm    .   (shield currently unavailable)
rNeg     . . .     Faith    +   (armour currently unavailable)
rPois    +         Spirit   .   (helmet currently unavailable)
rElec    .         Reflect  .   (cloak currently unavailable)
rCorr    .         Harm     .   (gloves unavailable)
MR       ++...                  (boots unavailable)
Stlth    ++++++++++             E - amulet of faith
HPRegen  0.26/turn              R - ring of wizardry
MPRegen  0.24/turn              C - +5 ring of intelligence

@: ice-form, corroded, wreathed by umbra
A: large, unfitting armour, see invisible, clumsy 1, deterioration 1, dopey 1,
herbivore, slow metabolism 2, no potion heal 1
}: 1/15 runes: serpentine
a: End Transformation, Shadow Step, Shadow Form, Renounce Religion


You were on level 2 of the Pits of Slime.
You worshipped Dithmenos.
Dithmenos was exalted by your worship.
You were not hungry.
You were a creature of crystalline ice.
You visited 9 branches of the dungeon, and saw 33 of its levels.

You collected 3074 gold pieces.
You spent 824 gold pieces at shops.

Inventory:

Hand Weapons
 a - the +5 short sword of the Several Cities (melded) {pierce, rC+ MP+9 Str+3 Dex+2}
   (You found it on level 3 of the Lair of Beasts)

   It inflicts extra damage upon your enemies.
   It affects your strength (+3).
   It affects your dexterity (+2).
   It protects you from cold.
   It affects your magic capacity (+9).
 b - a +5 blowgun
 P - a +2 rapier of venom
Missiles
 d - 794 arrows
 e - 5 curare-tipped needles
 h - 149 poisoned needles
 l - 8 throwing nets (quivered)
 v - 245 stones
 Z - 4 needles of paralysis
Armour
 y - a scarf of spirit shield (melded)
 M - a +1 robe of magic resistance
 Y - the +4 robe of Augmentation (melded) {Str+4 Int+4 Dex+4}
   (You found it on level 4 of the Lair of Beasts)

   It affects your strength (+4).
   It affects your intelligence (+4).
   It affects your dexterity (+4).
Jewellery
 t - an uncursed ring of stealth
 C - a +5 ring of intelligence (right front paw)
 E - an amulet of faith (around neck)
 R - a ring of wizardry (left front paw)
 U - a +3 amulet of reflection
Wands
 u - a wand of random effects (28)
 z - a wand of scattershot (7)
 D - a wand of clouds (7)
 I - a wand of flame (50)
 N - a wand of digging (26)
 Q - a wand of paralysis (6)
 V - a wand of enslavement (68)
 X - a wand of iceblast (29)
Scrolls
 c - 3 scrolls of enchant weapon
 j - 9 scrolls of teleportation
 m - 10 scrolls of identify
 o - a scroll of holy word
 p - 9 scrolls of fog
 r - 4 scrolls of blinking
 w - 3 scrolls of magic mapping
 B - 6 scrolls of enchant armour
 G - 9 scrolls of remove curse
 H - a scroll of summoning
 S - 3 scrolls of vulnerability
Potions
 f - 2 potions of resistance
 g - 5 potions of heal wounds
 i - 15 potions of curing
 k - a potion of mutation
 n - 4 potions of magic
 q - 2 potions of ambrosia
 s - 6 potions of flight
 x - 3 potions of might
 A - 3 potions of invisibility
 K - 4 potions of haste
 L - 3 potions of berserk rage
 O - 2 potions of brilliance
 T - 2 potions of cancellation
Miscellaneous
 J - a fan of gales
 W - a box of beasts
Comestibles
 F - 33 rations


   Skills:
 - Level 6.0 Fighting
 + Level 15.7 Short Blades
 - Level 9.2 Throwing
 * Level 17.9 Dodging
 + Level 19.7 Stealth
 + Level 12.8 Spellcasting
 - Level 3.0 Conjurations
 + Level 13.1 Hexes
 - Level 8.0 Transmutations
 - Level 4.0 Ice Magic
 - Level 4.0 Earth Magic
 - Level 5.0 Invocations
 - Level 9.0 Evocations


You had 14 spell levels left.
You knew the following spells:

 Your Spells              Type           Power        Failure   Level  Hunger
a - Yara's Violent Unrav  Hex/Tmut       ######....   1%          5    ###....
b - Tukima's Dance        Hex            ######..     1%          3    None
c - Confuse               Hex            ######..     1%          3    None
d - Cause Fear            Hex            ######....   1%          4    None
e - Sandblast             Erth           ####..       1%          1    None
q - Ice Form              Ice/Tmut       #####...     1%          4    None
s - Sticks to Snakes      Tmut           #####...     1%          2    None
v - Dazzling Spray        Conj/Hex       #####.       1%          3    None
x - Ensorcelled Hibernat  Hex/Ice        ######       1%          2    None

Your spell library contained the following spells:

 Spells                   Type           Power        Failure   Level  Hunger
 Fireball                 Conj/Fire      ###.......   26%         5    ###....
 Conjure Flame            Conj/Fire      ###.....     3%          3    None
 Bolt of Magma            Conj/Fire/Erth ###.......   19%         5    ###....
 Throw Flame              Conj/Fire      ###...       1%          2    None
 Sticky Flame             Conj/Fire      ###.....     10%         4    None
 Iron Shot                Conj/Erth      ####......   52%         6    #####..
 Stone Arrow              Conj/Erth      ####..       1%          3    None
 Spider Form              Tmut/Pois      ####......   1%          3    None
 Blade Hands              Tmut           #####.....   1%          5    ###....
 Deflect Missiles         Chrm/Air       ##........   93%         6    #####..
 Confusing Touch          Hex            ######       0%          1    None
 Flame Tongue             Conj/Fire      ###..        1%          1    None
 Passwall                 Tmut/Erth      #####...     1%          2    None
 Metabolic Englaciation   Hex/Ice        ######....   1%          5    ###....
 Silence                  Hex/Air        #####.....   3%          5    ###....
 Dispersal                Tloc           ##........   93%         6    #####..
 Corona                   Hex            ######.      0%          1    None
 Lee's Rapid Deconstruct  Erth           ####......   10%         5    ###....
 Petrify                  Tmut/Erth      #####...     1%          4    None
 Inner Flame              Hex/Fire       #####...     1%          3    None
 Beastly Appendage        Tmut           #####.       1%          1    None
 Force Lance              Conj/Tloc      ###.....     10%         4    None
 Discord                  Hex            ######....   45%         8    #######
 Gell's Gravitas          Tloc           ##........   6%          3    None
 Lesser Beckoning         Tloc           ##........   6%          3    None


Dungeon Overview and Level Annotations

Branches:
Dungeon (15/15)            Temple (1/1) D:6            Lair (6/6) D:9
  Swamp (1/4) Lair:4        Snake (4/4) Lair:2        Slime (2/5) Lair:6
    Orc (2/2) D:12            Elf (1/3) Orc:2        Vaults (0/5) D:13
 Depths (1/5) D:15

Altars:
Ashenzari
Cheibriados
Dithmenos
Elyvilon
Fedhas
Gozag
Hepliaklqana
Kikubaaqudgha
Makhleb
Nemelex Xobeh
Okawaru
Qazlal
Ru
Sif Muna
Trog
Uskayaw
Vehumet
Wu Jian
Xom
Yredelemnul
Zin
The Shining One
Beogh

Shops:
D:12 ?:(   D:15 [   Orc:2 [*}[   Snake:2 [??=*   Snake:4 =[:(}

Portals:
Hell: Depths:1
Pandemonium: Depths:1

Annotations:
D:12 exclusion: 2 orange crystal statues
D:14 Azrael
Lair:1 2 transporters
Lair:4 exclusion: oklob plant
Lair:6 exclusion: oklob plant


Innate Abilities, Weirdness & Mutations

You are very small and have problems with some larger weapons.
You are too small for most types of armour.
You have supernaturally acute eyesight. (SInv)
You are a herbivore.
((You cover ground extremely quickly.))
You need to consume almost no food.
You are clumsy. (Dex -2)
Your body sometimes deteriorates upon taking damage.
You are dopey. (Int -2)
Potions are less effective at restoring your health.


Message History

Your shadow hits the acid blob.
Your shadow is burned by acid!
The acid blob closely misses you.
You barely miss the acid blob.
The acid blob is lightly wounded.
Your shadow hits the acid blob.
Your shadow is burned by acid!
The acid blob completely misses you.
You hit the acid blob. You freeze the acid blob. The acid corrodes you!
Your front paws burn!
The acid blob is lightly wounded.
Your shadow hits the acid blob but does no damage.
Your shadow is burned by acid!
The acid blob hits you!!!
You emit a cloud of dark smoke.
The acid corrodes you!
You are splashed with acid!
The acid burns!
* * * LOW HITPOINT WARNING * * *
The acid blob hits you!
* * * LOW HITPOINT WARNING * * *
You emit a cloud of dark smoke.
You are splashed with acid!
The acid burns!
You die...

## ### ## ##.##.###.##
...## ## #..........#
....#.
##.##...#.....###...#....
#......§§§§...##..........
#.#....#§§§§§..#.....#.....
........§§YJ§.###...#......
#......§§§§..............
#.......§§§..............
#......<...<..............
##.##........##...........
# ##...##...##.....>....
##........#..........
##..................
..........J........


You could see an acid blob.

Vanquished Creatures
  Dissolution (Slime:2)
  Kirke (D:13)
  Agnes (Lair:2)
  2 azure jellies
  6 nagarajas
  A frost giant (Depths:1)
  4 very ugly things
  2 stone giants (Depths:1)
  Nessos (D:12)
  Snorg (Lair:4)
  A jiangshi (Depths:1)
  An ettin (Depths:1)
  Josephine (Lair:2)
  A fire dragon (Depths:1)
  2 vault guards (D:13)
  A yaktaur captain (D:15)
  An ice dragon (Lair:6)
  5 hydras
  Harold (D:12)
  Erolcha (D:13)
  A merfolk avatar (Lair:6)
  A catoblepas (D:15)
  12 naga warriors
  8 centaur warriors
  8 anacondas
  An alligator (Swamp:1)
  5 death yaks (Lair:3)
  3 tengu warriors
  16 naga sharpshooters
  An ogre mage (D:15)
  8 two-headed ogres
  A vampire mage (Depths:1)
  5 orc high priests (Orc:2)
  4 shock serpents
  Urug (D:14)
  A spriggan (Swamp:1)
  3 unseen horrors
  A swamp dragon (shapeshifter) (D:13)
  2 swamp dragons (Swamp:1)
  2 sea snakes (Snake:3)
  4 wizards
  5 naga ritualists
  Pikel (D:6)
  A lindwurm (Lair:4)
  3 orc sorcerers
  2 shining eyes
  6 mana vipers
  4 elephants (Lair:6)
  6 cyclopes
  3 manticores
  17 ugly things
  2 salamanders (Snake:1)
  2 eyes of devastation
  14 spiny frogs
  40 black mambas
  32 naga magi
  3 guardian serpents
  A spiny frog (shapeshifter) (Depths:1)
  3 rime drakes
  7 komodo dragons
  3 kobold demonologists
  2 efreet
  3 yaktaurs
  A tengu conjurer (Depths:1)
  4 trolls
  A queen bee (Lair:6)
  3 meliai (Lair:6)
  A queen bee (shapeshifter) (Depths:1)
  6 polar bears
  19 slime creatures
  3 blink frogs (Lair:1)
  4 bog bodies (Swamp:1)
  A wind drake (Lair:6)
  4 hornets
  3 dream sheep (Lair:6)
  7 hippogriffs
  A meliai zombie (D:12)
  A centaur simulacrum (D:15)
  A shadow (Lair:4)
  6 wraiths
  3 wyverns
  A water elemental (D:15)
  A wyvern (shapeshifter) (D:12)
  26 yaks
  2 basilisks
  16 humans (D:13)
  7 hogs (D:14)
  4 hungry ghosts
  A human (shapeshifter) (D:15)
  7 vampire mosquitoes
  4 swamp worms (Swamp:1)
  51 nagas
  A warg (Elf:1)
  15 porcupines
  23 water moccasins
  A swamp drake (Swamp:1)
  5 ice beasts
  2 slaves
  8 sky beasts
  37 orc warriors
  A black bear (D:9)
  4 eyes of draining (Slime:1)
  A wolf (Lair:2)
  A necrophage (D:13)
  8 ogres
  17 centaurs
  5 big kobolds
  9 crocodiles
  13 bullfrogs
  A wyvern zombie (D:10)
  A wyvern skeleton (D:9)
  3 scorpions
  8 killer bees
  5 wights (D:10)
  4 electric eels
  A howler monkey (D:4)
  4 centaur zombies
  5 crimson imps
  4 jellies
  2 bullfrog zombies
  9 hounds
  3 bullfrog skeletons
  33 orc priests
  28 orc wizards
  A centaur skeleton (D:4)
  8 hell rats (Lair:2)
  4 iguanas
  7 worker ants
  A hound skeleton (D:7)
  A hound zombie (D:6)
  A worker ant zombie (D:11)
  A howler monkey skeleton (D:9)
  3 gnolls (Orc:2)
  17 adders
  23 river rats
  3 shadow imps
  14 white imps
  2 oozes (Lair:6)
  3 worms
  12 dart slugs
  5 leopard geckos
  98 orcs
  5 giant cockroaches
  4 goblins
  4 hobgoblins
  8 jackals
  11 quokkas
  4 ball pythons
  6 bats
  2 frilled lizards
  A jackal zombie (D:8)
  15 kobolds
  A leopard gecko zombie (D:7)
  23 rats
  A fungus (Lair:6)
  2 plants
1025 creatures vanquished.

Vanquished Creatures (collateral kills)
  A vampire mosquito (D:12)
1 creature vanquished.

Vanquished Creatures (others)
  2 wizards
  A water nymph (shapeshifter) (D:14)
  A polar bear (Lair:6)
  A slime creature (D:14)
  2 dream sheep (Lair:6)
  A naga (Snake:2)
  2 water moccasins (Lair:6)
  2 centaurs (D:13)
  2 kobolds (D:11)
  A butterfly (Lair:6)
  9 fungi
  17 plants
41 creatures vanquished.

Grand Total: 1067 creatures vanquished

Notes
Turn   | Place    | Note
-------+----------+-------------------------------------------
     0 | D:1      | Mamutox the Spriggan Enchanter began the quest for the Orb.
     0 | D:1      | Reached XP level 1. HP: 9/9 MP: 5/5
   528 | D:1      | Reached XP level 2. HP: 7/13 MP: 6/6
   532 | D:1      | Learned a level 2 spell: Ensorcelled Hibernation
  1423 | D:2      | Reached skill level 5 in Stealth
  1423 | D:2      | Reached XP level 3. HP: 16/16 MP: 4/8
  1818 | D:2      | Reached XP level 4. HP: 17/21 MP: 9/9
  2228 | D:3      | Found a sacrificial altar of Ru.
  3652 | D:3      | Reached XP level 5. HP: 24/24 MP: 11/11
  3668 | D:3      | Reached skill level 1 in Ice Magic
  3866 | D:5      | Entered Level 5 of the Dungeon
  4030 | D:4      | Reached skill level 6 in Stealth
  4055 | D:4      | Learned a level 3 spell: Confuse
  4264 | D:4      | Reached skill level 1 in Fighting
  4264 | D:4      | Reached XP level 6. HP: 22/30 MP: 5/12
  4619 | D:4      | Reached skill level 5 in Hexes
  5631 | D:5      | Found a shadowy altar of Dithmenos.
  5699 | D:5      | Noticed a water moccasin
  5707 | D:5      | Killed a water moccasin
  5707 | D:5      | Reached skill level 5 in Dodging
  5707 | D:5      | Reached XP level 7. HP: 31/33 MP: 9/14
  5894 | D:5      | Became a worshipper of Dithmenos the Shadowed
  5957 | D:5      | Found a snail-covered altar of Cheibriados.
  6001 | D:5      | Reached skill level 7 in Stealth
  6703 | D:6      | Noticed Pikel
  6775 | D:6      | Killed Pikel
  6775 | D:6      | Reached skill level 8 in Stealth
  6775 | D:6      | Reached skill level 5 in Spellcasting
  6775 | D:6      | Reached XP level 8. HP: 33/37 MP: 1/17
  7173 | D:6      | Found an ancient bone altar of Kikubaaqudgha.
  7385 | D:6      | Found a staircase to the Ecumenical Temple.
  7391 | Temple   | Entered the Ecumenical Temple
  8040 | D:6      | Reached skill level 5 in Short Blades
  8267 | D:7      | Reached * piety under Dithmenos
  8672 | D:7      | Reached skill level 9 in Stealth
  8980 | D:7      | Reached skill level 1 in Evocations
  9234 | D:6      | Reached skill level 1 in Invocations
  9407 | D:7      | Reached skill level 1 in Throwing
  9766 | D:8      | Reached XP level 9. HP: 41/41 MP: 19/19
 10053 | D:8      | Reached ** piety under Dithmenos
 10275 | D:8      | Found a glowing silver altar of Zin.
 10277 | D:8      | Found a white marble altar of Elyvilon.
 10278 | D:8      | Found a sparkling altar of Nemelex Xobeh.
 10278 | D:8      | Found a bloodstained altar of Trog.
 10278 | D:8      | Found a hazy altar of Hepliaklqana.
 10279 | D:8      | Found a stormy altar of Qazlal.
 10514 | D:8      | Noticed a two-headed ogre
 10518 | D:8      | Killed a two-headed ogre
 10518 | D:8      | Reached skill level 10 in Stealth
 10712 | D:9      | Found a staircase to the Lair.
 11156 | D:9      | Reached skill level 5 in Evocations
 11776 | Lair:1   | Entered Level 1 of the Lair of Beasts
 11794 | Lair:1   | Reached XP level 10. HP: 45/45 MP: 18/21
 11796 | Lair:1   | Reached skill level 11 in Stealth
 11844 | Lair:1   | Reached *** piety under Dithmenos
 11907 | Lair:1   | Reached skill level 10 in Dodging
 12003 | Lair:1   | Found a transporter.
 12006 | Lair:1   | Noticed a swamp dragon
 12006 | Lair:1   | Noticed a swamp dragon
 12006 | Lair:1   | Noticed a spiny frog
 12007 | Lair:1   | Noticed a spiny frog
 12026 | Lair:1   | Found a transporter.
 12640 | Lair:2   | Noticed a spiny frog
 12645 | Lair:2   | Killed a spiny frog
 12645 | Lair:2   | Reached skill level 12 in Stealth
 12664 | Lair:2   | Found a staircase to the Snake Pit.
 12697 | Lair:2   | Noticed a black mamba
 12704 | Lair:2   | Killed a black mamba
 12736 | Lair:2   | Noticed a black mamba
 12743 | Lair:2   | Killed a black mamba
 12877 | Lair:2   | Noticed a spiny frog
 12938 | Lair:2   | Noticed a black mamba
 12963 | Lair:2   | Killed a black mamba
 12963 | Lair:2   | Reached XP level 11. HP: 33/49 MP: 5/24
 13851 | Lair:2   | Reached **** piety under Dithmenos
 14131 | Lair:2   | Reached skill level 13 in Stealth
 14430 | Snake:1  | Entered Level 1 of the Snake Pit
 14430 | Snake:1  | Noticed Agnes
 14430 | Snake:1  | Noticed Josephine
 14430 | Snake:1  | Noticed an anaconda
 14434 | Snake:1  | Killed an anaconda
 14546 | Lair:3   | Noticed a five-headed hydra
 14553 | Lair:3   | Killed a five-headed hydra
 15084 | Lair:3   | Got an ivory short sword
 15085 | Lair:3   | Identified the +5 short sword of the Several Cities {pierce, rC+ MP+9 Str+3 Dex+2} (You found it on level 3 of the Lair of Beasts)
 15204 | Lair:3   | Noticed a death yak
 15207 | Lair:3   | Noticed a death yak
 15207 | Lair:3   | Noticed a death yak
 15208 | Lair:3   | Noticed a death yak
 15209 | Lair:3   | Killed a death yak
 15209 | Lair:3   | Reached skill level 14 in Stealth
 15211 | Lair:3   | Killed a death yak
 15212 | Lair:3   | Killed a death yak
 15212 | Lair:3   | Reached XP level 12. HP: 56/56 MP: 20/26
 15214 | Lair:3   | Killed a death yak
 15215 | Lair:3   | Noticed a death yak
 15217 | Lair:3   | Killed a death yak
 15877 | Lair:4   | Found the +4 robe of Augmentation {Str+4 Int+4 Dex+4}
 15882 | Lair:4   | Found a staircase to the Swamp.
 15924 | Lair:4   | Noticed Snorg
 15929 | Lair:4   | Killed Snorg
 16350 | Lair:4   | Found a blossoming altar of Fedhas.
 16542 | Lair:4   | Found a dark tunnel.
 17491 | Lair:5   | Identified a scroll of acquirement
 17491 | Lair:5   | Identified Sif Muna's Catalogue of Displaced Earth (You acquired it on level 5 of the Lair of Beasts)
 17499 | Lair:5   | Learned a level 1 spell: Sandblast
 17613 | Lair:5   | Reached skill level 1 in Earth Magic
 18121 | Lair:6   | Entered Level 6 of the Lair of Beasts
 18263 | Lair:6   | Noticed an ice dragon
 18452 | Lair:6   | Killed an ice dragon
 18452 | Lair:6   | Reached skill level 10 in Spellcasting
 18501 | Lair:6   | Reached skill level 10 in Short Blades
 18501 | Lair:6   | Reached skill level 15 in Stealth
 18738 | Lair:5   | Learned a level 3 spell: Tukima's Dance
 18741 | Lair:5   | Learned a level 2 spell: Sticks to Snakes
 18745 | Lair:5   | Learned a level 3 spell: Dazzling Spray
 18853 | Lair:5   | Reached skill level 1 in Transmutations
 18933 | Lair:6   | Reached XP level 13. HP: 61/61 MP: 19/28
 18955 | Lair:6   | Reached skill level 1 in Conjurations
 19229 | Lair:6   | Found a staircase to the Slime Pits.
 19303 | Lair:6   | Reached ***** piety under Dithmenos
 21244 | Slime:1  | Entered Level 1 of the Pits of Slime
 21244 | Slime:1  | Noticed an azure jelly
 21245 | Slime:1  | Killed an azure jelly
 21245 | Slime:1  | Reached skill level 5 in Transmutations
 21488 | Slime:1  | Gained mutation: Potions are less effective at restoring your health. [a shining eye]
 21532 | Lair:6   | Gained mutation: You are dopey. (Int -2) [a shining eye]
 21534 | Lair:6   | Gained mutation: Your body sometimes deteriorates upon taking damage. [a shining eye]
 22124 | Slime:2  | Noticed Dissolution
 22429 | D:10     | Entered Level 10 of the Dungeon
 22921 | D:10     | Reached skill level 5 in Throwing
 24373 | D:12     | Found a roughly hewn altar of Beogh.
 24412 | D:12     | Found Lofuntot's Magic Scroll Shop.
 24421 | D:12     | Bought a scroll of vulnerability for 112 gold pieces
 24738 | D:12     | Found a staircase to the Orcish Mines.
 24844 | D:12     | Noticed Nessos
 24848 | D:12     | Killed Nessos
 24901 | D:12     | Found Turopn's Weapon Emporium.
 25000 | D:12     | Reached XP level 14. HP: 45/66 MP: 11/29
 25240 | D:12     | Reached ****** piety under Dithmenos
 25278 | D:12     | Found Ymekater's Book Emporium.
 25420 | D:12     | Noticed Harold
 25429 | D:12     | Killed Harold
 25923 | D:13     | Reached skill level 15 in Dodging
 25998 | D:13     | Reached skill level 5 in Invocations
 26231 | D:13     | Noticed Erolcha
 26233 | D:13     | Killed Erolcha
 26336 | D:13     | Found a shattered altar of Ashenzari.
 26691 | D:13     | Reached skill level 16 in Stealth
 27268 | D:13     | Found a gate to the Vaults.
 27891 | D:14     | Found a blossoming altar of Fedhas.
 27998 | D:14     | Noticed Urug
 28002 | D:14     | Killed Urug
 28027 | D:14     | Noticed Kirke
 28130 | D:14     | Learned a level 4 spell: Petrify
 28159 | D:14     | Found a labyrinth entrance.
 28348 | D:14     | Noticed a sphinx
 28439 | D:13     | Killed Kirke
 28439 | D:13     | Reached skill level 17 in Stealth
 28917 | D:14     | Noticed Azrael
 29593 | D:15     | Entered Level 15 of the Dungeon
 29711 | D:15     | Found a staircase to the Depths.
 29896 | D:15     | Reached XP level 15. HP: 65/70 MP: 28/31
 30138 | D:15     | Found Teyhuez's Antique Armour Shoppe.
 30906 | D:15     | Found a hide-covered altar of Uskayaw.
 31552 | D:15     | Learned a level 4 spell: Ice Form
 31598 | Depths:1 | Entered Level 1 of the Depths
 32008 | Depths:1 | Reached skill level 10 in Hexes
 32060 | Depths:1 | Found a one-way gate leading to the halls of Pandemonium.
 32068 | Depths:1 | Identified Sif Muna's Volume of Stones
 32079 | Depths:1 | Found a gateway to Hell.
 32396 | Depths:1 | Noticed a frost giant
 32473 | Depths:1 | Killed a frost giant
 32753 | Orc:1    | Entered Level 1 of the Orcish Mines
 33214 | Orc:1    | Found a frozen archway.
 33591 | Orc:2    | Entered Level 2 of the Orcish Mines
 33667 | Orc:2    | Found a staircase to the Elven Halls.
 35305 | Orc:2    | Found Pexzac's Gadget Shoppe.
 35306 | Orc:2    | Found Jonnap's Armour Emporium.
 35307 | Orc:2    | Found Myerr's General Store.
 35311 | Orc:2    | Found Zerim's Antique Armour Shoppe.
 35347 | Orc:2    | Bought a fabulously ornate robe for 210 gold pieces
 35357 | Orc:2    | Identified the cursed +0 robe of the Stag {Str+7 Int+4} (You bought it in a shop on level 2 of the Orcish Mines)
 35637 | Elf:1    | Entered Level 1 of the Elven Halls
 35652 | Orc:2    | Reached XP level 16. HP: 72/75 MP: 33/33
 35922 | Swamp:1  | Entered Level 1 of the Swamp
 37034 | Lair:2   | Killed Josephine
 37034 | Lair:2   | Reached skill level 5 in Fighting
 37346 | Lair:2   | Killed Agnes
 37831 | Snake:1  | Learned a level 4 spell: Cause Fear
 39381 | Snake:2  | Found Uclabed's Assorted Antiques.
 39382 | Snake:2  | Found Leplanoe's Jewellery Shoppe.
 39382 | Snake:2  | Found Pets's Magic Scroll Emporium.
 39385 | Snake:2  | Found Qonte's Magic Scroll Emporium.
 39689 | Snake:2  | Upgraded the game from 0.22-a0-469-gf26638a to 0.22-a0-479-gc6e99f3
 39756 | Snake:2  | Found Keojeirgh's Armour Shoppe.
 41204 | Snake:3  | Reached skill level 15 in Short Blades
 41441 | Snake:3  | Reached skill level 18 in Stealth
 41877 | Snake:4  | Entered Level 4 of the Snake Pit
 41877 | Snake:4  | Found Haoh's Book Shop.
 41934 | Snake:4  | Found Kiotarphy's Armour Shop.
 42112 | Snake:4  | Found Yhoavo's Jewellery Emporium.
 42116 | Snake:4  | Reached XP level 17. HP: 81/81 MP: 34/34
 42184 | Snake:4  | Bought a book of Misfortune for 320 gold pieces
 42194 | Snake:4  | Learned a level 5 spell: Yara's Violent Unravelling
 42667 | Snake:4  | Found Rutuajalo's Antique Weapon Shoppe.
 42670 | Snake:4  | Bought a runed rapier for 182 gold pieces
 42730 | Snake:4  | Found Moosm's Gadget Boutique.
 43757 | Snake:4  | Reached skill level 19 in Stealth
 44612 | Snake:4  | Got a serpentine rune of Zot
 46152 | Slime:2  | Killed Dissolution
 46156 | Slime:2  | Noticed an acid blob
 46445 | Slime:1  | Gained mutation: You are clumsy. (Dex -2) [a shining eye]
 46592 | Slime:2  | Splashed by an acid blob's acid

Vault maps used:
D:1:      matt_arrival_los_fun
D:2:      first_ration, kennysheep_generic_room_13
D:3:      kennysheep_slugbush, old_standard_altar, kennysheep_cross_bottleneck,
          hex_large, kennysheep_flooded_box
D:4:      portal_sewer_entry_e, dk_rats_in_the_wall
D:5:      cheibrodos_two_vegetables, kennysheep_little_box,
          grunt_dithmenos_smoke_and_mirrors
D:6:      marbit_many_paths, minmay_temple_entry_grid, uniq_blork_the_orc,
          uniq_pikel
D:7:      enter_ossuary_1, nicolae_benzene_ring
D:8:      grunt_temple_overflow_open, blue_anna_alchemist
D:9:      lair_entry_dummy, kennysheep_generic_room_8
D:10:     grunt_potential
D:11:     minmay_crystal_water, lemuel_flamethrower_1
D:12:     david_orc_4, serial_shops, nicolae_shop_statue_plus,
          nicolae_shop_statue_plus, nicolae_shop_crystal, minmay_crystal_room,
          minmay_more_statues, uniq_nessos, uniq_harold
D:13:     grunt_vaults_entry_tiered, basic_altar, uniq_erolcha
D:14:     nicolae_wwwww, lab_entry_generic, basic_altar, minivault_12,
          uniq_kirke, uniq_azrael, uniq_urug
D:15:     grunt_enter_depths_snipers, serial_shops, shop, moated_statue,
          minivault_14, lemuel_tele_altar
Temple:   oiseaux_autumnal_temple
Lair:1:   gammafunk_cloud_chamber, infiniplex_staircase_pool
Lair:2:   lemuel_ratsnest, minmay_snake_entry_guardpost_small,
          lemuel_fruit_tree, lemuel_fruit_fields, serial_bayou_shore_a
Lair:3:   cheibrodos_lair_caveside_slide
Lair:4:   swamp_mist, nicolae_volcano_entry_vermiform,
          nicolae_quartered_pool_medium, tgw_fedhas, uniq_snorg
Lair:6:   gammafunk_lair_ancient_temple, nicolae_slime_entry_slimehenge,
          special_room, minmay_lair_oklob_bushes, bobbens_ice_dragon_lair,
          lemuel_fruit_fields
Swamp:1:  hangedman_swamp_diagram, swamp_pool5
Snake:1:  guppyfry_library_mini, grunt_megastairs_3, uniq_agnes, uniq_josephine
Snake:2:  serial_shops, nicolae_shop_crystal, minmay_shoptagon
Snake:3:  nicolae_snake_springs
Snake:4:  snake_pit, serial_shops, shop, shop, nicolae_shop_behind_doors, shop,
          shop
Slime:2:  dissolution_awaits
Orc:1:    portal_ice_cave_entry_imps
Orc:2:    st_orc_mages
Elf:1:    serial_shops, shop_coins, minivault_28, minivault_16, st_stairs_12
Depths:1: lightli_too_deep, minmay_holes, pan_entry,
          wad_floor_pattern_untrapped, minivault_16, dk_noncrumbling_3,
          serial_sigils_hangedman_writhe, minivault_22, minmay_three_doors

Skill      XL: |  1  2  3  4  5  6  7  8  9 10 11 12 13 14 15 16 17 |
---------------+----------------------------------------------------+-----
Hexes          | 4 5 6 7 8 9 10 11 13 | 13.1
Stealth        | 5 6 8 9 10 12 14 15 17 18 19 | 19.7
Spellcasting   | 3 4 5 6 7 8 9 10 11 12 | 12.8
Short Blades   | 2 3 4 5 7 9 10 11 13 14 15 | 15.7
Ice Magic      | 1 2 3 4 |  4.0
Dodging        | 4 5 6 7 9 11 12 13 14 15 17 | 17.9
Fighting       | 1 3 4 6 |  6.0
Evocations     | 1 5 7 9 |  9.0
Invocations    | 1 3 4 5 |  5.0
Throwing       | 1 3 4 5 6 8 9 |  9.2
Earth Magic    | 3 4 |  4.0
Transmutations | 3 6 8 |  8.0
Conjurations   | 3 |  3.0

Action                   |  1- 3 |  4- 6 |  7- 9 | 10-12 | 13-15 | 16-18 || total
-------------------------+-------+-------+-------+-------+-------+-------++-------
Melee: Dagger            |    70 |   196 |   240 |   177 |       |       ||   683
       Short sword       |       |       |       |   113 |   853 |   399 ||  1365
       Unarmed           |       |       |       |       |    43 |    10 ||    53
 Fire: Blowgun           |       |       |       |       |     5 |       ||     5
Throw: Throwing net      |       |       |       |       |     2 |     5 ||     7
 Cast: Corona            |     1 |     1 |       |       |       |       ||     2
       Ensorcelled Hiber |    14 |    61 |    93 |   166 |   399 |   200 ||   933
       Confuse           |       |     4 |    21 |    24 |    94 |   133 ||   276
       Dazzling Spray    |       |       |       |     1 |    13 |    39 ||    53
       Sandblast         |       |       |       |       |     1 |    15 ||    16
       Sticks to Snakes  |       |       |       |       |     8 |       ||     8
       Tukima's Dance    |       |       |       |       |     4 |       ||     4
       Ice Form          |       |       |       |       |     2 |     2 ||     4
       Cause Fear        |       |       |       |       |       |     3 ||     3
       Yara's Violent Un |       |       |       |       |       |     6 ||     6
Invok: Shadow Step       |       |       |       |     4 |     3 |       ||     7
       Shadow Form       |       |       |       |       |     3 |       ||     3
Evoke: Wand              |       |       |       |       |     2 |     1 ||     3
  Use: Scroll            |       |     5 |     2 |    11 |    18 |     4 ||    40
       Potion            |       |       |       |     2 |     4 |     2 ||     8
 Stab: Sleeping          |    15 |    43 |    83 |   119 |   302 |   127 ||   689
       Confused          |       |     3 |    13 |    14 |    61 |    67 ||   158
       Distracted        |       |     1 |     1 |     1 |    26 |     7 ||    36
       Invisible         |       |       |       |     3 |     4 |    17 ||    24
       Held in net/web   |       |       |       |       |     4 |     7 ||    11
  Eat: Ration            |       |     3 |     4 |     3 |     8 |     5 ||    23
Armor: Robe              |    10 |    13 |     6 |     4 |    24 |     8 ||    65
       Skin              |       |       |       |       |     2 |       ||     2
Dodge: Dodged            |    58 |   156 |   133 |   168 |   657 |   353 ||  1525
Block: Other             |       |       |     7 |     9 |    49 |       ||    65
       Reflection        |       |       |       |       |    20 |       ||    20

Table legend:
 A = Spawn XP
 B = Non-spawn XP
 C = Spawn XP percentage of total XP
 D = Spawn monster count
 E = Non-spawn monster count
 F = Spawn count percentage of total count
 G = Total turns spent on level
                    A         B        C        D         E        F      G
               +---------+---------+-------+---------+---------+-------+---------
         Total |       0 |  275719 |   0.0 |       0 |    1025 |   0.0 | 46592
               +---------+---------+-------+---------+---------+-------+---------
           D:1 |       0 |      19 |   0.0 |       0 |      11 |   0.0 |  1289
           D:2 |       0 |      83 |   0.0 |       0 |      14 |   0.0 |   924
           D:3 |       0 |     118 |   0.0 |       0 |      30 |   0.0 |  1244
           D:4 |       0 |     364 |   0.0 |       0 |      29 |   0.0 |  2009
           D:5 |       0 |     423 |   0.0 |       0 |      15 |   0.0 |  1283
           D:6 |       0 |    1267 |   0.0 |       0 |      19 |   0.0 |  1365
           D:7 |       0 |     479 |   0.0 |       0 |      28 |   0.0 |  1381
           D:8 |       0 |    1691 |   0.0 |       0 |      22 |   0.0 |   863
           D:9 |       0 |     956 |   0.0 |       0 |      13 |   0.0 |  1301
          D:10 |       0 |    5972 |   0.0 |       0 |      50 |   0.0 |  1127
          D:11 |       0 |    1580 |   0.0 |       0 |      13 |   0.0 |   828
          D:12 |       0 |    7866 |   0.0 |       0 |      78 |   0.0 |  1708
          D:13 |       0 |   19736 |   0.0 |       0 |      68 |   0.0 |  2163
          D:14 |       0 |   11047 |   0.0 |       0 |      35 |   0.0 |  1652
          D:15 |       0 |   24702 |   0.0 |       0 |      56 |   0.0 |  2023
        Lair:1 |       0 |    2768 |   0.0 |       0 |      14 |   0.0 |   908
        Lair:2 |       0 |   11636 |   0.0 |       0 |      65 |   0.0 |  2340
        Lair:3 |       0 |    8947 |   0.0 |       0 |      23 |   0.0 |  1474
        Lair:4 |       0 |    4172 |   0.0 |       0 |      12 |   0.0 |  1787
        Lair:5 |       0 |    4662 |   0.0 |       0 |      20 |   0.0 |  1641
        Lair:6 |       0 |   15670 |   0.0 |       0 |      60 |   0.0 |  3226
       Swamp:1 |       0 |    7919 |   0.0 |       0 |      17 |   0.0 |   586
       Snake:1 |       0 |   16955 |   0.0 |       0 |      41 |   0.0 |  1883
       Snake:2 |       0 |    9865 |   0.0 |       0 |      17 |   0.0 |  1215
       Snake:3 |       0 |   17026 |   0.0 |       0 |      49 |   0.0 |  1399
       Snake:4 |       0 |   46872 |   0.0 |       0 |      78 |   0.0 |  4016
       Slime:1 |       0 |    5382 |   0.0 |       0 |      15 |   0.0 |   735
       Slime:2 |       0 |   16932 |   0.0 |       0 |       5 |   0.0 |    76
         Orc:1 |       0 |    2632 |   0.0 |       0 |      34 |   0.0 |   761
         Orc:2 |       0 |    8106 |   0.0 |       0 |      68 |   0.0 |  2043
         Elf:1 |       0 |     290 |   0.0 |       0 |       3 |   0.0 |    21
      Depths:1 |       0 |   19582 |   0.0 |       0 |      23 |   0.0 |  1069
               +---------+---------+-------+---------+---------+-------+---------
